| TOP OF THE 1ST |
|
Chicago (NYP) White Sox batting - Pitching for Vancouver Canadians : RHP Young-ghil Sohn
|
|
Pitching: RHP Young-ghil Sohn
|
|
|
Batting: RHB Jeremy Hoffert
|
0-0: Called Strike 0-1: Foul Ball, location: 2F 0-2: Ball 1-2: Ball 2-2: Ball 3-2: Strikes out swinging
|
|
Batting: RHB Brad Boals
|
0-0: Called Strike 0-1: Ball 1-1: Called Strike 1-2: Ball 2-2: Ground out 4-3 (Groundball, 4, EV 78.8 MPH)
|
|
Batting: RHB Dusty Ballard
|
0-0: Foul Ball, location: 2F 0-1: Ball 1-1: Ball 2-1: Foul Ball, location: 2F 2-2: Strikes out looking
|
| Top of the 1st over - 0 runs, 0 hits, 0 errors, 0 left on base; Chicago (NYP) 0 - Vancouver 0 |
| BOTTOM OF THE 1ST |
|
Vancouver Canadians batting - Pitching for Chicago (NYP) White Sox : RHP Cole Wanat
|
|
Pitching: RHP Cole Wanat
|
|
|
Batting: RHB Dylan Phillips
|
0-0: Foul Ball, location: 2F 0-1: Called Strike 0-2: Strikes out swinging
|
|
Batting: RHB Carlos Ramirez
|
0-0: Called Strike 0-1: Ball 1-1: Fly out, F7 (Flyball, 78S, EV 97.5 MPH)
|
|
Batting: RHB Andy Bridger
|
0-0: Called Strike 0-1: Swinging Strike 0-2: Ground out 5-3 (Groundball, 56S, EV 88.8 MPH)
|
| Bottom of the 1st over - 0 runs, 0 hits, 0 errors, 0 left on base; Chicago (NYP) 0 - Vancouver 0 |
| TOP OF THE 2ND |
|
Chicago (NYP) White Sox batting - Pitching for Vancouver Canadians : RHP Young-ghil Sohn
|
|
Batting: LHB Brandon Hopper
|
0-0: Ball 1-0: Foul Ball, location: 2F 1-1: Ball 2-1: Swinging Strike 2-2: Strikes out swinging
|
|
Batting: LHB Wes Goscinski
|
0-0: Ball 1-0: Called Strike 1-1: Called Strike 1-2: Strikes out swinging
|
|
Batting: RHB Mitch Cuadros
|
0-0: Foul Ball, location: 2F 0-1: Swinging Strike 0-2: Strikes out looking
|
| Top of the 2nd over - 0 runs, 0 hits, 0 errors, 0 left on base; Chicago (NYP) 0 - Vancouver 0 |
| BOTTOM OF THE 2ND |
|
Vancouver Canadians batting - Pitching for Chicago (NYP) White Sox : RHP Cole Wanat
|
|
Batting: LHB Cedric Saunders
|
0-0: Ball 1-0: Swinging Strike 1-1: Foul Ball, location: 2F 1-2: Foul Ball, location: 2F 1-2: Strikes out swinging
|
|
Batting: LHB Edgar Castillo
|
0-0: Ball 1-0: Called Strike 1-1: Fly out, F8 (Flyball, 89D, EV 100.0 MPH)
|
|
Batting: RHB Josh Swartzentruber
|
0-0: Called Strike 0-1: Called Strike 0-2: Ball 1-2: Foul Ball, location: 2F 1-2: Ball 2-2: Ball 3-2: Foul Ball, location: 2F 3-2: Ground out 5-3 (Groundball, 56, EV 110.6 MPH)
|
| Bottom of the 2nd over - 0 runs, 0 hits, 0 errors, 0 left on base; Chicago (NYP) 0 - Vancouver 0 |
| TOP OF THE 3RD |
|
Chicago (NYP) White Sox batting - Pitching for Vancouver Canadians : RHP Young-ghil Sohn
|
|
Batting: RHB Bill Mannino
|
0-0: Called Strike 0-1: Swinging Strike 0-2: Strikes out looking
|
|
Batting: SHB Jason Bresnahan
|
0-0: Ball 1-0: Called Strike 1-1: Foul Ball, location: 2F 1-2: Fly out, F6 (Line Drive, 6, EV 70.0 MPH)
|
|
Batting: RHB David Laureano
|
0-0: Foul Ball, location: 2F 0-1: Called Strike 0-2: Foul Ball, location: 2F 0-2: Foul Ball, location: 2F 0-2: Strikes out swinging
|
| Top of the 3rd over - 0 runs, 0 hits, 0 errors, 0 left on base; Chicago (NYP) 0 - Vancouver 0 |
| BOTTOM OF THE 3RD |
|
Vancouver Canadians batting - Pitching for Chicago (NYP) White Sox : RHP Cole Wanat
|
|
Batting: LHB Julio Canseco
|
0-0: Ball 1-0: Ball 2-0: Swinging Strike 2-1: Ball 3-1: Foul Ball, location: 2F 3-2: Fly out, F8 (Flyball, 8RM, EV 94.4 MPH)
|
|
Batting: RHB Dan Hilyer
|
0-0: Foul Ball, location: 2F 0-1: Foul Ball, location: 2F 0-2: Foul Ball, location: 2F 0-2: Ball 1-2: Foul Ball, location: 2F 1-2: Strikes out looking
|
|
Batting: RHB Bryan Peterson
|
0-0: Called Strike 0-1: Ground out U3 (Groundball, 3, EV 106.9 MPH)
|
| Bottom of the 3rd over - 0 runs, 0 hits, 0 errors, 0 left on base; Chicago (NYP) 0 - Vancouver 0 |
| TOP OF THE 4TH |
|
Chicago (NYP) White Sox batting - Pitching for Vancouver Canadians : RHP Young-ghil Sohn
|
|
Batting: RHB Jeremy Hoffert
|
0-0: Swinging Strike 0-1: Ball 1-1: Swinging Strike 1-2: Foul Ball, location: 2F 1-2: Ball 2-2: Ball 3-2: Strikes out swinging
|
|
Batting: RHB Brad Boals
|
0-0: Foul Ball, location: 2F 0-1: Ball 1-1: Foul Ball, location: 2F 1-2: Ground out 6-3 (Groundball, 6, EV 84.4 MPH)
|
|
Batting: RHB Dusty Ballard
|
0-0: Swinging Strike 0-1: Ball 1-1: Called Strike 1-2: Strikes out swinging
|
| Top of the 4th over - 0 runs, 0 hits, 0 errors, 0 left on base; Chicago (NYP) 0 - Vancouver 0 |
| BOTTOM OF THE 4TH |
|
Vancouver Canadians batting - Pitching for Chicago (NYP) White Sox : RHP Cole Wanat
|
|
Batting: RHB Dylan Phillips
|
0-0: Fly out, F8 (Flyball, 8LS, EV 78.1 MPH)
|
|
Batting: RHB Carlos Ramirez
|
0-0: Ball 1-0: Foul Ball, location: 2F 1-1: Ball 2-1: Foul Ball, location: 2F 2-2: Ball 3-2: Strikes out swinging
|
|
Batting: RHB Andy Bridger
|
0-0: Called Strike 0-1: Ball 1-1: Ball 2-1: Ball 3-1: Base on Balls
|
|
Batting: LHB Cedric Saunders
|
0-0: Called Strike 0-1: Ball 1-1: Ball 2-1: Called Strike Andy Bridger steals 2nd base 2-2: Ball 3-2: Ground out 4-3 (Groundball, 34D, EV 83.8 MPH)
|
| Bottom of the 4th over - 0 runs, 0 hits, 0 errors, 1 left on base; Chicago (NYP) 0 - Vancouver 0 |
| TOP OF THE 5TH |
|
Chicago (NYP) White Sox batting - Pitching for Vancouver Canadians : RHP Young-ghil Sohn
|
|
Batting: LHB Brandon Hopper
|
0-0: Fly out, F8 (Flyball, 78D, EV 92.5 MPH)
|
|
Batting: LHB Wes Goscinski
|
0-0: Ball 1-0: SINGLE (Groundball, 6MD, EV 105.0 MPH)
|
|
Batting: RHB Mitch Cuadros
|
0-0: Called Strike 0-1: Swinging Strike 0-2: Foul Ball, location: 2F 0-2: Strikes out swinging
|
|
Batting: RHB Bill Mannino
|
0-0: Ground out 4-3 (Groundball, 4, EV 82.5 MPH)
|
| Top of the 5th over - 0 runs, 1 hit, 0 errors, 1 left on base; Chicago (NYP) 0 - Vancouver 0 |
| BOTTOM OF THE 5TH |
|
Vancouver Canadians batting - Pitching for Chicago (NYP) White Sox : RHP Cole Wanat
|
|
Batting: LHB Edgar Castillo
|
0-0: SINGLE (Groundball, 6, EV 95.0 MPH)
|
|
Batting: RHB Josh Swartzentruber
|
0-0: Ball 1-0: DOUBLE (Line Drive, 78D, EV 105.0 MPH) Edgar Castillo to third
|
|
Batting: LHB Julio Canseco
|
0-0: Ball 1-0: Swinging Strike 1-1: Ball 2-1: Called Strike 2-2: SINGLE (Groundball, 34D, EV 101.9 MPH) Edgar Castillo scores Josh Swartzentruber to third
|
|
Batting: RHB Dan Hilyer
|
0-0: Ball 1-0: Swinging Strike 1-1: Ball 2-1: Ball 3-1: Fly out, F5 (Line Drive, 5, EV 70.6 MPH)
|
|
Batting: RHB Bryan Peterson
|
0-0: Called Strike Julio Canseco steals 2nd base 0-1: Foul Ball, location: 2F 0-2: Fly out, F8 (Flyball, 8RM, EV 89.4 MPH) Runner from 3rd tags up, SCORES, no throw by CF
|
|
Batting: RHB Dylan Phillips
|
0-0: SINGLE (Line Drive, 34, EV 98.1 MPH) Julio Canseco to third Runner from 3rd tries for Home, SAFE, throw by RF to home
|
|
Batting: RHB Carlos Ramirez
|
0-0: Ball 1-0: Ball 2-0: Ball Dylan Phillips steals 2nd base 3-0: Called Strike 3-1: Called Strike 3-2: Base on Balls
|
|
Batting: RHB Andy Bridger
|
0-0: Called Strike 0-1: Ball 1-1: Foul Ball, location: 2F 1-2: Ground out 5-3 (Groundball, 56S, EV 84.4 MPH)
|
| Bottom of the 5th over - 3 runs, 4 hits, 0 errors, 2 left on base; Chicago (NYP) 0 - Vancouver 3 |
| TOP OF THE 6TH |
|
Chicago (NYP) White Sox batting - Pitching for Vancouver Canadians : RHP Young-ghil Sohn
|
|
Batting: SHB Jason Bresnahan
|
0-0: Foul Ball, location: 2F 0-1: Ball 1-1: Swinging Strike 1-2: Strikes out looking
|
|
Batting: RHB David Laureano
|
0-0: Ball 1-0: Fly out, F5 (Popup, 6S, EV 86.9 MPH)
|
|
Batting: RHB Jeremy Hoffert
|
0-0: Called Strike 0-1: Ball 1-1: Fly out, F9 (Line Drive, 9, EV 100.0 MPH)
|
| Top of the 6th over - 0 runs, 0 hits, 0 errors, 0 left on base; Chicago (NYP) 0 - Vancouver 3 |
| BOTTOM OF THE 6TH |
|
Vancouver Canadians batting - Pitching for Chicago (NYP) White Sox : RHP Cole Wanat
|
|
Batting: LHB Cedric Saunders
|
0-0: Called Strike 0-1: Swinging Strike 0-2: Ball 1-2: Foul Ball, location: 2F 1-2: Ball 2-2: Ball 3-2: Strikes out looking
|
|
Batting: LHB Edgar Castillo
|
0-0: Called Strike 0-1: Swinging Strike 0-2: Foul Ball, location: 2F 0-2: Ball 1-2: Foul Ball, location: 2F 1-2: Foul Ball, location: 2F 1-2: Foul Ball, location: 2F 1-2: Ball 2-2: Strikes out looking
|
|
Batting: RHB Josh Swartzentruber
|
0-0: Fly out, F8 (Flyball, 8LS, EV 88.8 MPH)
|
| Bottom of the 6th over - 0 runs, 0 hits, 0 errors, 0 left on base; Chicago (NYP) 0 - Vancouver 3 |
| TOP OF THE 7TH |
|
Chicago (NYP) White Sox batting - Pitching for Vancouver Canadians : RHP Young-ghil Sohn
|
|
Batting: RHB Brad Boals
|
0-0: Ball 1-0: Called Strike 1-1: Fly out, F5 (Line Drive, 5, EV 65.6 MPH)
|
|
Batting: RHB Dusty Ballard
|
0-0: Ball 1-0: Ball 2-0: Ball 3-0: Called Strike 3-1: Ground out 5-3 (Groundball, 5S, EV 84.4 MPH)
|
|
Batting: LHB Brandon Hopper
|
0-0: Ball 1-0: Called Strike 1-1: Called Strike 1-2: Strikes out swinging
|
| Top of the 7th over - 0 runs, 0 hits, 0 errors, 0 left on base; Chicago (NYP) 0 - Vancouver 3 |
| BOTTOM OF THE 7TH |
|
Vancouver Canadians batting - Pitching for Chicago (NYP) White Sox : RHP Cole Wanat
|
|
Pitching: RHP Alex Garibay
|
|
|
Batting: LHB Julio Canseco
|
0-0: Called Strike 0-1: Ball 1-1: Ball 2-1: Fly out, F8 (Flyball, 89S, EV 93.1 MPH)
|
|
Pitching: LHP Yusufu Mustafa
|
|
|
Batting: RHB Dan Hilyer
|
0-0: Ball 1-0: Ball 2-0: Called Strike 2-1: SINGLE (Line Drive, 78S, EV 92.5 MPH)
|
|
Batting: RHB Bryan Peterson
|
0-0: Ball 1-0: Ball 2-0: Ball 3-0: Called Strike 3-1: Foul Ball, location: 2F 3-2: Fly out, F8 (Flyball, 89M, EV 79.4 MPH)
|
|
Batting: RHB Dylan Phillips
|
0-0: Called Strike 0-1: Called Strike Dan Hilyer steals 2nd base 0-2: Ball 1-2: Ball 2-2: SINGLE (Flyball, 3D, EV 91.2 MPH) Dan Hilyer to third
|
|
Batting: RHB Carlos Ramirez
|
0-0: Ball 1-0: Called Strike 1-1: Ball 2-1: DOUBLE (Line Drive, 89D, EV 101.9 MPH) Dan Hilyer scores Dylan Phillips to third
|
|
Batting: RHB Andy Bridger
|
0-0: Called Strike 0-1: Foul Ball, location: 2F 0-2: Foul Ball, location: 2F 0-2: Foul Ball, location: 2F 0-2: Ball 1-2: Fly out, F9 (Flyball, 89D, EV 97.5 MPH)
|
| Bottom of the 7th over - 1 run, 3 hits, 0 errors, 2 left on base; Chicago (NYP) 0 - Vancouver 4 |
| TOP OF THE 8TH |
|
Chicago (NYP) White Sox batting - Pitching for Vancouver Canadians : RHP Young-ghil Sohn
|
|
Batting: LHB Wes Goscinski
|
0-0: Ball 1-0: DOUBLE (Line Drive, 78XD, EV 102.5 MPH)
|
|
Batting: RHB Mitch Cuadros
|
0-0: Called Strike 0-1: Called Strike 0-2: Strikes out swinging
|
|
Batting: RHB Bill Mannino
|
0-0: Foul Ball, location: 2F 0-1: DOUBLE (Line Drive, 9LM, EV 100.6 MPH) Wes Goscinski scores
|
|
Pitching: RHP Jonathan Ballejos
|
|
|
Batting: SHB Jason Bresnahan
|
0-0: Foul Ball, location: 2F 0-1: Foul Ball, location: 2F 0-2: Strikes out swinging
|
|
Pinch Hitting: LHB Ray Walden
|
0-0: Called Strike 0-1: Ball 1-1: Ball 2-1: Foul Ball, location: 2F 2-2: Strikes out looking
|
| Top of the 8th over - 1 run, 2 hits, 0 errors, 1 left on base; Chicago (NYP) 1 - Vancouver 4 |
| BOTTOM OF THE 8TH |
|
Vancouver Canadians batting - Pitching for Chicago (NYP) White Sox : LHP Yusufu Mustafa
|
|
Pitching: LHP Wang Jing
|
|
|
Now at 2B: Mike Zern
|
|
|
Now at 3B: Dusty Ballard
|
|
|
Now at SS: Jason Bresnahan
|
|
|
Batting: SHB Harrison Feist
|
0-0: Called Strike 0-1: Fly out, F8 (Flyball, 8RM, EV 88.1 MPH)
|
|
Batting: LHB Edgar Castillo
|
0-0: Called Strike 0-1: Foul Ball, location: 2F 0-2: Foul Ball, location: 2F 0-2: Ball 1-2: Strikes out swinging
|
|
Batting: RHB Josh Swartzentruber
|
0-0: Called Strike 0-1: Ball 1-1: Foul Ball, location: 2F 1-2: Ball 2-2: Ball 3-2: Ground out 6-3 (Groundball, 6M, EV 96.2 MPH)
|
| Bottom of the 8th over - 0 runs, 0 hits, 0 errors, 0 left on base; Chicago (NYP) 1 - Vancouver 4 |
| TOP OF THE 9TH |
|
Chicago (NYP) White Sox batting - Pitching for Vancouver Canadians : RHP Jonathan Ballejos
|
|
Batting: RHB Jeremy Hoffert
|
0-0: Ball 1-0: Fly out, F7 (Line Drive, 7, EV 102.5 MPH)
|
|
Batting: RHB Brad Boals
|
0-0: Ball 1-0: Foul Ball, location: 2F 1-1: Swinging Strike 1-2: Strikes out swinging
|
|
Batting: RHB Dusty Ballard
|
0-0: Ball 1-0: Foul Ball, location: 2F 1-1: Called Strike 1-2: Foul Ball, location: 2F 1-2: Strikes out swinging
|
| Top of the 9th over - 0 runs, 0 hits, 0 errors, 0 left on base; Chicago (NYP) 1 - Vancouver 4 |
|